 Dungeon Crawl Stone Soup version 0.29.1-12-g30fa7ad0bf (webtiles) character file.

Game seed: 5791649272253825924

362 xzight the Shield-Bearer (level 6, 0/28 (53) HPs)
             Began as a Gnoll Fighter on Dec 29, 2022.
             Slain by Terence
             ... wielding a +3 mace of draining
              (2 damage)
             ... on level 3 of the Dungeon.
             The game lasted 00:03:35 (2479 turns).

xzight the Shield-Bearer (Gnoll Fighter)            Turns: 2479, Time: 00:03:36

HP:   0/28 (53)     AC: 10    Str: 15    XL:     6   Next: 66%
MP:   9/9           EV:  7    Int: 10    God:
Gold: 92            SH:  5    Dex: 11    Spells: 9/9 levels left

rFire   . . .      SeeInvis .   a - +0 trident
rCold   . . .      Faith    .   c - +0 buckler
rNeg    . . .      Spirit   .   i - +0 chain mail
rPois   .          Reflect  .   (no helmet)
rElec   .          Harm     .   (no cloak)
rCorr   .          Rampage  .   (no gloves)
Will    .....                   (no boots)
Stlth   ..........              (no amulet)
HPRegen 0.09/turn               (no ring)
MPRegen 0.11/turn               (no ring)

@: very heavily drained
A: fangs 1, strong nose, distributed training
a: no special abilities


You were on level 3 of the Dungeon.
You visited 1 branch of the dungeon, and saw 3 of its levels.

You collected 92 gold pieces.


Innate Abilities, Weirdness & Mutations

You have very sharp teeth.
Your uncanny sense of smell can sniff out nearby items.
Your experience applies equally to all skills.


   Skills:
 + Level 6.9 Fighting
 + Level 2.1 Short Blades
 + Level 2.1 Long Blades
 + Level 2.1 Axes
 + Level 2.1 Maces & Flails
 + Level 5.0 Polearms
 + Level 2.1 Staves
 + Level 2.1 Ranged Weapons
 + Level 2.1 Throwing
 + Level 6.9 Armour
 + Level 2.1 Dodging
 + Level 2.1 Stealth
 + Level 6.9 Shields
 + Level 2.1 Unarmed Combat
 + Level 2.1 Spellcasting
 + Level 1.7 Conjurations
 + Level 1.7 Hexes
 + Level 1.7 Summonings
 + Level 1.7 Necromancy
 + Level 1.7 Translocations
 + Level 1.7 Transmutations
 + Level 1.7 Fire Magic
 + Level 1.7 Ice Magic
 + Level 1.7 Air Magic
 + Level 1.7 Earth Magic
 + Level 1.7 Poison Magic
 + Level 2.3 Invocations
 + Level 2.1 Evocations


You had 9 spell levels left.
You didn't know any spells.
Your spell library was empty.

Inventory:

Hand Weapons
 a - a +0 trident (weapon)
Armour
 c - a +0 buckler (worn)
 i - a +0 chain mail (worn)
Wands
 k - a wand of flame (21)
Scrolls
 b - a scroll of silence {unknown}
 e - 3 scrolls of identify {unknown}
 g - a scroll of teleportation {unknown}
 j - a scroll of fear {unknown}
Potions
 d - a potion of haste {unknown}
 f - a potion of heal wounds {unknown}

Dungeon Overview and Level Annotations

Branches:
Dungeon (3/15)

Altars:
Qazlal

Annotations:
D:3 Terence

#.# #.............
#.######+#..........
#......#.#..........#
######.#.#..........##
#.#....≈.....>..#
#.###[.......... #.#
#..⚑......# #.#
##........# #@#
#†≈......# #@#
#........#### ...
######....... #...#
#.......
#...########.......
#...##.....'.......
#...##.#####.......
##.## #...'.......
#.###+#.###.......


You could see Terence.


Message History

Terence hits you with a +3 mace of draining.
You feel drained.
You hit Terence but do no damage.
Terence is severely wounded.
Terence hits you with a +3 mace of draining.
You feel drained.
You barely miss Terence.
Terence is severely wounded.
Terence hits you with a +3 mace of draining!
* * * LOW HITPOINT WARNING * * *
You feel drained.
* * * LOW HITPOINT WARNING * * *
You hit Terence but do no damage. You bite Terence.
Terence is severely wounded.
Terence hits you with a +3 mace of draining.
* * * LOW HITPOINT WARNING * * *
You feel drained.
You hit Terence but do no damage. Your bite misses Terence.
Terence is severely wounded.
Terence hits you with a +3 mace of draining.
* * * LOW HITPOINT WARNING * * *
You feel drained.
* * * LOW HITPOINT WARNING * * *
You hit Terence.
Terence is almost dead.
Terence completely misses you.
You barely miss Terence.
Terence is almost dead.
Terence hits you with a +3 mace of draining.
You die...

Skill      XL: |  1  2  3  4  5  6 |
---------------+-------------------+-----
Invocations    | 1 2 |  2.3
Short Blades   | 1 2 |  2.1
Long Blades    | 1 2 |  2.1
Axes           | 1 2 |  2.1
Maces & Flails | 1 2 |  2.1
Staves         | 1 2 |  2.1
Ranged Weapons | 1 2 |  2.1
Throwing       | 1 2 |  2.1
Dodging        | 1 2 |  2.1
Stealth        | 1 2 |  2.1
Unarmed Combat | 1 2 |  2.1
Spellcasting   | 1 2 |  2.1
Evocations     | 1 2 |  2.1
Conjurations   | 1 |  1.7
Hexes          | 1 |  1.7
Summonings     | 1 |  1.7
Necromancy     | 1 |  1.7
Translocations | 1 |  1.7
Transmutations | 1 |  1.7
Fire Magic     | 1 |  1.7
Ice Magic      | 1 |  1.7
Air Magic      | 1 |  1.7
Earth Magic    | 1 |  1.7
Poison Magic   | 1 |  1.7
Polearms       | 5 |  5.0
Fighting       | |  6.9
Armour         | |  6.9
Shields        | |  6.9

Action                   |  1- 3 |  4- 6 || total
-------------------------+-------+-------++-------
Melee: Trident           |    77 |   122 ||   199
       Bite              |     9 |     8 ||    17
  Use: Potion            |       |     2 ||     2
Armor: Scale mail        |    29 |       ||    29
       Chain mail        |     1 |    49 ||    50
Dodge: Dodged            |    21 |    27 ||    48
Block: Buckler           |    16 |    16 ||    32

Levels and vault maps discovered:
D:1:      saegor_arrival_miasma, layout_basic
D:2:      layout_loops_ring, ebering_ecumenical_altar_hall, uniq_sigmund,
          uniq_natasha
D:3:      layout_basic, mainiacjoe_overflow_tiny_flanked, uniq_jessica,
          uniq_grinder, uniq_terence

Notes
Turn   | Place    | Note
-------+----------+-------------------------------------------
     0 | D:1      | xzight the Gnoll Fighter began the quest for the Orb.
     0 | D:1      | Reached XP level 1. HP: 23/23 MP: 1/1
   152 | D:1      | Reached XP level 2. HP: 29/29 MP: 2/2
   422 | D:1      | Reached XP level 3. HP: 35/35 MP: 3/3
   810 | D:2      | Reached skill level 1 in Invocations
   866 | D:2      | Noticed Natasha
   870 | D:2      | Killed Natasha
   871 | D:2      | Reached skill level 1 in Short Blades
   871 | D:2      | Reached skill level 1 in Long Blades
   871 | D:2      | Reached skill level 1 in Axes
   871 | D:2      | Reached skill level 1 in Maces & Flails
   871 | D:2      | Reached skill level 1 in Staves
   871 | D:2      | Reached skill level 1 in Ranged Weapons
   871 | D:2      | Reached skill level 1 in Throwing
   871 | D:2      | Reached skill level 1 in Dodging
   871 | D:2      | Reached skill level 1 in Stealth
   871 | D:2      | Reached skill level 1 in Unarmed Combat
   871 | D:2      | Reached skill level 1 in Spellcasting
   871 | D:2      | Reached skill level 1 in Evocations
   871 | D:2      | Reached XP level 4. HP: 41/41 MP: 5/5
   965 | D:2      | Noticed Sigmund
   992 | D:2      | Killed Sigmund
   993 | D:2      | Reached skill level 1 in Conjurations
   993 | D:2      | Reached skill level 1 in Hexes
   993 | D:2      | Reached skill level 1 in Summonings
   993 | D:2      | Reached skill level 1 in Necromancy
   993 | D:2      | Reached skill level 1 in Translocations
   993 | D:2      | Reached skill level 1 in Transmutations
   993 | D:2      | Reached skill level 1 in Fire Magic
   993 | D:2      | Reached skill level 1 in Ice Magic
   993 | D:2      | Reached skill level 1 in Air Magic
   993 | D:2      | Reached skill level 1 in Earth Magic
   993 | D:2      | Reached skill level 1 in Poison Magic
   993 | D:2      | Reached skill level 2 in Invocations
   993 | D:2      | Reached XP level 5. HP: 28/47 MP: 5/7
   996 | D:2      | Reached XP level 6. HP: 30/53 MP: 5/8
  1138 | D:2      | Noticed Natasha
  1142 | D:2      | Killed Natasha
  1402 | D:2      | Noticed Natasha
  1420 | D:2      | Killed Natasha
  1421 | D:2      | Reached skill level 2 in Short Blades
  1421 | D:2      | Reached skill level 2 in Long Blades
  1421 | D:2      | Reached skill level 2 in Axes
  1421 | D:2      | Reached skill level 2 in Maces & Flails
  1421 | D:2      | Reached skill level 5 in Polearms
  1421 | D:2      | Reached skill level 2 in Staves
  1421 | D:2      | Reached skill level 2 in Ranged Weapons
  1421 | D:2      | Reached skill level 2 in Throwing
  1421 | D:2      | Reached skill level 2 in Dodging
  1421 | D:2      | Reached skill level 2 in Stealth
  1421 | D:2      | Reached skill level 2 in Unarmed Combat
  1421 | D:2      | Reached skill level 2 in Spellcasting
  1421 | D:2      | Reached skill level 2 in Evocations
  1950 | D:2      | Found a faded altar of an unknown god.
  2037 | D:3      | Noticed Jessica
  2052 | D:3      | Killed Jessica
  2381 | D:3      | Found a stormy altar of Qazlal.
  2453 | D:3      | Noticed Terence
  2477 | D:3      | HP: 2/28 [Terence/+3 mace of draining (2)]
  2479 | D:3      | Slain by Terence

Vanquished Creatures
  Sigmund (D:2)
  Jessica (D:3)
  Natasha (thrice) (D:2)
  An orc wizard (D:2)
  2 adders
  A worm (D:3)
  2 dart slugs (D:1)
  4 orcs
  4 bats
  3 endoplasms
  4 giant cockroaches
  4 goblins (D:1)
  4 hobgoblins
  3 kobolds
  4 quokkas
  5 ball pythons
  3 frilled lizards
  5 rats
54 creatures vanquished.

Table legend: (Time is in decaauts)
 A = Elapsed time spent in this place.
 B = Non-inter-level travel time spent in this place.
 C = Inter-level travel time spent in this place.
 D = Time resting spent in this place.
 E = Time spent auto-exploring this place.
 F = Levels seen in this place.
 G = Mean time per level.
                   A        B        C        D        E       F      G
               +--------+--------+--------+--------+--------+-----+--------+
         Total |   2523 |   2424 |     99 |    448 |   1516 |   3 |  841.0 |
       Dungeon |   2523 |   2424 |     99 |    448 |   1516 |   3 |  841.0 |
               +--------+--------+--------+--------+--------+-----+--------+

Top non-repeatable levels by time:
     D:2: 1246 daAuts
     D:1: 798 daAuts
     D:3: 478 daAuts

Table legend:
 A = Non-vault XP
 B = Vault XP
 C = Vault XP percentage of total XP
 D = Non-vault monster count
 E = Vault monster count
 F = Vault count percentage of total count
                 A         B        C        D         E       F
            +---------+---------+-------+---------+---------+-------
      Total |     220 |     298 |  57.5 |      51 |       3 |   5.6
            +---------+---------+-------+---------+---------+-------
        D:1 |      46 |       0 |   0.0 |      24 |       0 |   0.0
        D:2 |     141 |     261 |  64.9 |      17 |       2 |  10.5
        D:3 |      33 |      37 |  52.9 |      10 |       1 |   9.1
            +---------+---------+-------+---------+---------+-------
